 Dungeon Crawl Stone Soup version 0.30.0-29-ga12c61a403 (webtiles) character file.

Game seed: 13410391096164852113

18 Descartes the Grasshopper (level 2, -10/23 HPs)
             Began as a Barachi Warper on June 6, 2023.
             Mangled by a kobold
             ... wielding a +1 whip of electrocution
              (12 damage)
             ... on level 1 of the Dungeon.
             The game lasted 00:01:03 (749 turns).

Descartes the Grasshopper (Barachi Warper)           Turns: 749, Time: 00:01:04

Health: -10/23     AC:  4    Str: 12    XL:     2   Next: 70%
Magic:  5/5        EV: 11    Int: 13    God:
Gold:   58         SH:  0    Dex: 11    Spells: 5/5 levels left

rFire   . . .        a - +0 falchion
rCold   . . .        (no shield)
rNeg    . . .        b - +0 leather armour
rPois   .            (no helmet)
rElec   .            e - +0 cloak
rCorr   .            (no gloves)
SInv    .            (no boots)
Will    .....        (no amulet)
Stlth   +            (no ring)
HPRegen 0.23/turn    (no ring)
MPRegen 0.09/turn

%: no passive effects
@: slow
A: amphibious, slowness 1, strong legs 1, +LOS
a: Hop


You were on level 1 of the Dungeon.
You visited 1 branch of the dungeon, and saw 1 of its levels.

You collected 58 gold pieces.

Inventory:

Hand Weapons
 a - a +0 falchion (weapon)
Missiles
 d - 7 boomerangs of dispersal (quivered)
Armour
 b - a +0 leather armour (worn)
 e - a +0 cloak (worn)
Scrolls
 c - a scroll of blinking
 g - a scroll of vulnerability {unknown}
 j - a scroll of noise {unknown}
Potions
 f - 2 potions of lignification {unknown}
 h - a potion of heal wounds {unknown}
 i - a potion of flight {unknown}


   Skills:
 + Level 2.8 Fighting
 + Level 2.7 Long Blades
 - Level 1.0 Throwing
 + Level 1.7 Armour
 - Level 2.1 Dodging
 + Level 2.4 Spellcasting
 + Level 3.5 Translocations


You had 5 spell levels left.
You didn't know any spells.
Your spell library contained the following spells:

 Spells                   Type           Power      Damage    Failure   Level
 Blink                    Tloc           20%        N/A       11%         2
 Lesser Beckoning         Tloc           20%        N/A       11%         2
 Teleport Other           Tloc           10%        N/A       22%         3
 Vhi's Electric Charge    Tloc/Air       12%        N/A       41%         3
 Manifold Assault         Tloc           10%        N/A       58%         4


Dungeon Overview and Level Annotations

Branches:
Dungeon (1/15)

Altars:


Innate Abilities, Weirdness & Mutations

You are amphibious.
You cover ground slowly.
You can hop short distances.
You have an extended range of vision and can be seen from far away.


Message History

You barely miss the kobold. The kobold barely misses you.
You barely miss the kobold.
The kobold hits you with a +1 whip of electrocution.
You barely miss the ball python. The ball python closely misses you.
The ball python grabs you. The ball python constricts you.
The kobold hits you with a +1 whip of electrocution.
The ball python barely misses you. The ball python constricts you.
You closely miss the ball python.
The kobold hits you with a +1 whip of electrocution.
You are electrocuted!
The ball python closely misses you. The ball python constricts you.
* * * LOW HITPOINT WARNING * * *
You are too injured to fight recklessly!
You are too injured to fight recklessly!
You are too injured to fight recklessly!
You are too injured to fight recklessly!
You are too injured to fight recklessly!
You are too injured to fight recklessly!
You are too injured to fight recklessly!
You are too injured to fight recklessly!
You are too injured to fight recklessly!
You are too injured to fight recklessly!
You are too injured to fight recklessly!
You are too injured to fight recklessly!
You are too injured to fight recklessly!
Unknown command.
You escape the ball python's grasp.
The kobold attacks as you move away!
The kobold hits you with a +1 whip of electrocution.
* * * LOW HITPOINT WARNING * * *
The ball python attacks as you move away!
The ball python bites you but does no damage.
The ball python attacks as you move away!
The ball python bites you.
* * * LOW HITPOINT WARNING * * *
The ball python misses you.
The kobold hits you with a +1 whip of electrocution.
* * * LOW HITPOINT WARNING * * *
You are electrocuted!
Ouch! That really hurt!
You die...

#.#.####.# ##.....## #.........#
#.#.##.#.# ##.......###.##.......
#.#.#....###.........# #.......#
#.#........+.........+...........
#.###....###.........##.#........
#.###..#.# #......# ########..#
#........# #.....# .....#
#####†#### ##SK.## ####.## #.#
##@## #.## ##.# #.# ..## #..# #.#
### # #.###########.## #
#.#........#...## #
#.#.######......##### ## ###
#.#.#### #.#...###..## #..##.#
#......###.##....##..# #.....
###.##.........#####.#######.#


You could see a ball python and a kobold.

Vanquished Creatures
  A ball python (D:1)
  2 giant cockroaches (D:1)
  3 goblins (D:1)
  3 hobgoblins (D:1)
  A quokka (D:1)
  3 bats (D:1)
  2 rats (D:1)
15 creatures vanquished.

Notes
Turn   | Place    | Note
-------+----------+-------------------------------------------
     0 | D:1      | Descartes the Barachi Warper began the quest for the Orb.
     0 | D:1      | Reached XP level 1. HP: 17/17 MP: 3/3
   192 | D:1      | Reached XP level 2. HP: 21/23 MP: 5/5
   749 | D:1      | Mangled by a kobold

Illustrated notes

Levels and vault maps discovered:
D:1:      lemuel_arrival_tunnels, layout_loops_corners

Action                     || total
---------------------------++-------
  Melee: Falchion          ||    58
 Armour: Leather armour    ||    21
  Dodge: Dodged            ||    46
